 Dungeon Crawl Stone Soup version 0.31-a0-523-g071a6c1ffa (webtiles) character file.

Game seed: 16782960128895871013

114 bobarctor the Gusty (level 4, -4/30 HPs)
             Began as a Demonspawn Air Elementalist on Aug 11, 2023.
             Slain by a kobold brigand
             ... wielding a +0 dagger
              (5 damage)
             ... in a sewer.
             The game lasted 00:11:41 (2167 turns).

bobarctor the Gusty (Demonspawn Air Elementalist)   Turns: 2167, Time: 00:11:42

Health: -4/30      AC:  2    Str:  8    XL:     4   Next: 66%
Magic:  0/8        EV: 12    Int: 19    God:
Gold:   91         SH:  0    Dex: 13    Spells: 2/8 levels left

rFire   . . .        r - +0 whip (vamp)
rCold   . . .        (no shield)
rNeg    . . .        a - +0 robe
rPois   .            (no helmet)
rElec   .            (no cloak)
rCorr   .            (no gloves)
SInv    .            (no boots)
Will    .....        (no amulet)
Stlth   ++           (no ring)
HPRegen 0.25/turn    (no ring)
MPRegen 0.11/turn

%: no passive effects
@: no status effects
A: foul stench 2
a: no special abilities


You were in a sewer.
You visited 1 branch of the dungeon, and saw 3 of its levels.
You also visited: Sewer.

You collected 91 gold pieces.

Inventory:

Hand Weapons
 d - a +0 club
 g - a +0 short sword
 r - a +0 vampiric whip (weapon)
Armour
 a - a +0 robe (worn)
 o - a +1 leather armour of cold resistance
Jewellery
 p - a +4 ring of protection
Talismans
 e - a serpent talisman
Scrolls
 f - a scroll of immolation
 h - 2 scrolls of identify
 n - a scroll of enchant armour {unknown}
Potions
 b - a potion of magic
 c - a potion of berserk rage
 i - a potion of attraction {unknown}
 j - 3 potions of heal wounds {unknown}
 k - a potion of curing {unknown}
 l - a potion of ambrosia {unknown}
 m - a potion of cancellation {unknown}
 q - a potion of resistance {unknown}


   Skills:
 + Level 2.2 Dodging
 + Level 2.1 Stealth
 + Level 2.7 Spellcasting
 + Level 2.3 Conjurations
 + Level 3.6 Air Magic


You had 2 spell levels left.
You knew the following spells:

 Your Spells              Type           Power      Damage    Failure   Level
a - Shock                 Conj/Air       52%        1d6       4%          1
b - Static Discharge      Conj/Air       26%        2-4/arc   7%          2
c - Swiftness             Air            16%        N/A       11%         3

Your spell library contained the following spells:

 Spells                   Type           Power      Damage    Failure   Level
 Airstrike                Air            8%         2d(2-18)  34%         4


Dungeon Overview and Level Annotations

Branches:
Dungeon (3/15)              Sewer (1/1)

Altars:


Innate Abilities, Weirdness & Mutations

You sometimes emit foul miasma when damaged in melee.


Message History

The kobold brigand is moderately wounded.
You are struck by an arc of lightning.
The lightning grounds out.
The kobold brigand hits you but does no damage.
Unknown command.
You closely miss the kobold brigand.
The kobold brigand is moderately wounded.
The kobold brigand splashes around in the water.
Casting: Static Discharge (safe; 7% risk of failure)
Confirm with . or Enter, or press ? or * to list all spells.
The kobold brigand is struck by an arc of lightning.
The kobold brigand is moderately wounded.
You are struck by an arc of lightning.
The lightning grounds out.
The kobold brigand barely misses you.
Unknown command.
Casting: Static Discharge (safe; 7% risk of failure)
Confirm with . or Enter, or press ? or * to list all spells.
Aiming: Shock (safe; 4% risk of failure)
Press: ? - help, Shift-Dir - straight line The zap misses the kobold brigand.
The zap hits the kobold brigand.
The kobold brigand is heavily wounded.
The kobold brigand barely misses you.
Casting: Shock (safe; 4% risk of failure)
Confirm with . or Enter, or press ? or * to list all spells.
Aiming: Shock (safe; 4% risk of failure)
Press: ? - help, Shift-Dir - straight line The zap hits the kobold brigand.
The kobold brigand is heavily wounded.
The zap hits the kobold brigand.
The kobold brigand is severely wounded.
The kobold brigand hits you with a +0 dagger.
* * * LOW HITPOINT WARNING * * *
You barely miss the kobold brigand.
The kobold brigand is severely wounded.
The kobold brigand hits you with a +0 dagger!
* * * LOW HITPOINT WARNING * * *
Unknown command.
You closely miss the kobold brigand.
The kobold brigand is severely wounded.
The kobold brigand hits you with a +0 dagger.
You die...

...~. ~K. .~. #~#
#~# #~# ##### ##~##
##...## ##.~.##
#..~.@####~....###
#.....K~~~..∩.~≈≈≈≈
#.~~.~####~...~####
##..~## ##.~.## .
##~## ##≈## # #~#
#≈# ## #)# #≈# ≈
#~# #≈# # ##~##
##≈## ##


You could see a kobold brigand.

Vanquished Creatures
  A gnoll (D:2)
  A river rat (D:3)
  3 adders
  2 worms (D:2)
  2 dart slugs
  6 orcs (D:3)
  4 bats
  4 endoplasms
  A giant cockroach (D:3)
  5 goblins
  A hobgoblin (D:1)
  5 jackals (D:2)
  7 kobolds
  3 ball pythons
  2 frilled lizards
  7 rats
54 creatures vanquished.

Notes
Turn   | Place    | Note
-------+----------+-------------------------------------------
     0 | D:1      | bobarctor the Demonspawn Air Elementalist began the quest
                  | for the Orb.
     0 | D:1      | Reached XP level 1. HP: 13/13 MP: 3/3
   178 | D:1      | Reached skill level 3 in Air Magic
   346 | D:1      | Gained mutation: You may rarely emit foul miasma when
                  | damaged in melee. [demonic ancestry]
   346 | D:1      | Reached XP level 2. HP: 19/19 MP: 0/5
   599 | D:1      | Learned a level 2 spell: Static Discharge
  1165 | D:2      | Gained mutation: You sometimes emit foul miasma when
                  | damaged in melee. [demonic ancestry]
  1165 | D:2      | Reached XP level 3. HP: 22/24 MP: 2/6
  1169 | D:2      | Learned a level 3 spell: Swiftness
  1704 | D:3      | Reached XP level 4. HP: 29/30 MP: 7/7
  1730 | D:3      | Found a glowing drain.
  1783 | Sewer    | Entered a sewer
  2143 | Sewer    | Noticed a kobold brigand
  2166 | Sewer    | HP: 1/30 [kobold brigand/+0 dagger (8)]
  2167 | Sewer    | Slain by a kobold brigand

Illustrated notes

Levels and vault maps discovered:
D:1:      wheals_arrival_linesprint, layout_rooms, nicolae_the_louvre
D:2:      cheibrodos_pilgrimage, layout_loops_corners, kennysheep_donut,
          minmay_quadrilaterals
D:3:      layout_loops_cross, portal_sewer_entry_a, uniq_sigmund
Sewer:    sewer_co_15_rooms

Skill      XL: |  1  2  3  4 |
---------------+-------------+-----
Air Magic      | 3 |  3.6
Dodging        | 2 |  2.2
Stealth        | 2 |  2.1
Conjurations   | 2 |  2.3
Spellcasting   | |  2.7

Action                     |  1- 3 |  4- 6 || total
---------------------------+-------+-------++-------
  Melee: Club              |     3 |       ||     3
         Short sword       |    46 |    20 ||    66
         Punch             |     1 |       ||     1
         Whip              |       |     3 ||     3
   Cast: Shock             |    47 |    29 ||    76
         Static Discharge  |     9 |     4 ||    13
    Use: Scroll            |     2 |       ||     2
 Armour: Robe              |    29 |     6 ||    35
  Dodge: Dodged            |    55 |    18 ||    73

Table legend: (Time is in decaauts)
 A = Elapsed time spent in this place.
 B = Non-inter-level travel time spent in this place.
 C = Inter-level travel time spent in this place.
 D = Time resting spent in this place.
 E = Time spent auto-exploring this place.
 F = Levels seen in this place.
 G = Mean time per level.
                   A        B        C        D        E       F      G
               +--------+--------+--------+--------+--------+-----+--------+
         Total |   2195 |   2139 |     56 |    653 |    922 |   4 |  548.8 |
       Dungeon |   1787 |   1731 |     56 |    433 |    810 |   3 |  595.7 |
         Sewer |    408 |    408 |      0 |    220 |    112 |   1 |  408.0 |
               +--------+--------+--------+--------+--------+-----+--------+

Top non-repeatable levels by time:
     D:1: 924 daAuts
     D:2: 640 daAuts
   Sewer: 408 daAuts
     D:3: 221 daAuts
